 Dungeon Crawl Stone Soup version 0.24.0-123-gd5b16e6ec5 (webtiles) character file.

Game seed: 4881745665770276717, levelgen mode: deterministic

806660 DildoBatman the Petrodigitator (level 27, -8/190 HPs)
             Began as a Formicid Wizard on Dec 15, 2019.
             Was an Initiate of Gozag.
             Mangled by Jeresk the pandemonium lord (41 damage)
             ... on level 27 of a ziggurat on Dec 16, 2019.
             The game lasted 05:20:17 (65748 turns).

DildoBatman the Petrodigitator (Formicid Wizard)   Turns: 65748, Time: 05:20:18

Health: -8/190     AC: 44    Str: 11 (12) XL:     27
Magic:  21/47      EV: 29    Int: 26 (27) God:    Gozag
Gold:   19683      SH: 26    Dex: 15 (17) Spells: 17/67 levels left

rFire    + + +     SeeInvis +   b - +18 lance "Wyrmbane" {slay drac, rPois rF+ rC+ AC+3}
rCold    + + +     Gourm    .   E - +8 large shield {AC+3}
rNeg     + + +     Faith    .   o - +4 troll leather armour
rPois    ∞         Spirit   .   (helmet unavailable)
rElec    +         Reflect  .   q - +3 cloak "Lafamueb" {MR+}
rCorr    +         Harm     .   R - +2 pair of gloves {Dex+3}
MR       ++++.                  s - +2 pair of boots {run}
Stlth    ++++......             m - amulet of magic regeneration
HPRegen  1.21/turn              Q - ring of Surprise {*Slow rF++ EV+3 SInv Stlth+}
MPRegen  0.55/turn              i - ring of Robustness {AC+8}

@: agile, lich-form, resistant, gold aura, studying 6 skills, silenced, quick
A: permanent stasis, dig shafts and tunnels, four strong arms, antennae 3, slimy
green scales 2, regeneration 1, weak 2
}: 4/15 runes: serpentine, barnacled, silver, golden
a: Dig, Shaft Self, End Transformation, Renounce Religion


You were on level 27 of a ziggurat.
You worshipped Gozag.
Gozag was extremely pleased with you.
You were not hungry.
You were a lich.
You visited 10 branches of the dungeon, and saw 46 of its levels.
You visited the Abyss 1 time.
You visited 1 ziggurat, and saw 27 of its levels.
You also visited: Trove and Ice Cave.

You collected 37848 gold pieces.
You spent 14624 gold pieces at shops.
You paid 3541 gold pieces to Gozag.

Inventory:

Hand Weapons
 b - the +18 lance "Wyrmbane" (weapon) {slay drac, rPois rF+ rC+ AC+3}
   (You bought it in a shop on level 9 of the Dungeon)

   It affects your AC (+3).
   It protects you from fire.
   It protects you from cold.
   It protects you from poison.
Missiles
 J - 29 silver javelins
 K - 21 throwing nets (quivered)
Armour
 o - a +4 troll leather armour (worn)
 q - the +3 cloak "Lafamueb" (worn) {MR+}
   (You bought it in a shop on level 5 of the Vaults)

   It affects your resistance to hostile enchantments.
 s - a +2 pair of boots of running (worn)
 E - a +8 large shield of protection (worn)
 R - a +2 pair of gloves of dexterity (worn)
Magical Staves
 a - an uncursed staff of energy
Jewellery
 i - the ring of Robustness (right hand) {AC+8}
   (You bought it in a shop on level 2 of the Orcish Mines)

   [ring of protection]

   It affects your AC (+8).
 m - an amulet of magic regeneration (around neck)
 Q - the ring of Surprise (left hand) {*Slow rF++ EV+3 SInv Stlth+}
   (You found it on level 22 of a ziggurat)

   [ring of evasion]

   It affects your evasion (+3).
   It greatly protects you from fire.
   It lets you see invisible.
   It may slow you when you take damage.
   It makes you more stealthy.
Wands
 y - a wand of clouds (6)
 A - a wand of acid (53)
 H - a wand of scattershot (6)
 L - a wand of iceblast (53)
Scrolls
 d - 12 scrolls of amnesia
 j - a scroll of magic mapping
 l - 8 scrolls of enchant armour
 x - 34 scrolls of remove curse
 z - 11 scrolls of identify
 I - 8 scrolls of immolation
 O - 9 scrolls of holy word
 P - 5 scrolls of summoning
 Z - 17 scrolls of fog
Potions
 f - 12 potions of heal wounds
 g - 38 potions of curing
 h - 8 potions of resistance
 n - 4 potions of brilliance
 r - 15 potions of agility
 u - 4 potions of invisibility
 D - 21 potions of mutation
 F - 7 potions of might
 N - 5 potions of magic
 U - 6 potions of ambrosia
 Y - 9 potions of cancellation
Books
 c - a manual of Shields
 e - a manual of Fighting
 w - a manual of
Armour
 C - a manual of Transmutations
 M - a manual of Ice Magic
 S - a manual of Hexes
Miscellaneous
 k - a lamp of fire
 p - a phial of floods
 t - 12 sacks of spiders
 B - 12 boxes of beasts
 T - a fan of gales
 V - 2 phantom mirrors
 X - a lightning rod (4/4)
Comestibles
 v - 53 rations


   Skills:
 - Level 10.0 Fighting
 - Level 12.0 Polearms
 * Level 11.5 Armour
 - Level 14.4 Dodging
 - Level 2.4 Stealth
 - Level 15.0 Shields
 - Level 20.8 Spellcasting
 - Level 6.0 Conjurations
 - Level 12.0 Hexes
 - Level 10.0 Summonings
 - Level 19.0 Necromancy
   Level 0.8 Translocations
 - Level 19.0 Transmutations
 - Level 5.2 Fire Magic
 - Level 25.5 Air Magic
 O Level 27 Earth Magic
 - Level 15.1 Evocations


You had 17 spell levels left.
You knew the following spells:

 Your Spells              Type           Power        Failure   Level  Hunger
a - Borgnjor's Vile Clut  Necr/Erth      ########..   0%          5    N/A
b - Shatter               Erth           ########..   3%          9    N/A
c - Tornado               Air            ########..   5%          9    N/A
d - Necromutation         Tmut/Necr      ########..   4%          8    N/A
e - Regeneration          Chrm/Necr      #######...   1%          3    N/A
f - Bolt of Magma         Conj/Fire/Erth #######...   1%          5    N/A
g - Darkness              Hex            ######....   1%          6    N/A
i - Aura of Abjuration    Summ           ######....   1%          5    N/A

Your spell library contained the following spells:

 Spells                   Type           Power        Failure   Level  Hunger
 Animate Skeleton         Necr           N/A          0%          1    N/A
 Beastly Appendage        Tmut           ######       0%          1    N/A
 Confusing Touch          Hex            ######       0%          1    N/A
 Corona                   Hex            ######.      0%          1    N/A
 Pain                     Necr           ####         0%          1    N/A
 Sandblast                Erth           ######       0%          1    N/A
 Shock                    Conj/Air       ####         0%          1    N/A
 Corpse Rot               Necr           N/A          0%          2    N/A
 Passwall                 Tmut/Erth      #######.     0%          2    N/A
 Poisonous Vapours        Pois/Air       ######       0%          2    N/A
 Sticks to Snakes         Tmut           #######.     0%          2    N/A
 Sublimation of Blood     Necr           ########..   0%          2    N/A
 Swiftness                Chrm/Air       #######.     0%          2    N/A
 Static Discharge         Conj/Air       #######.     0%          3    N/A
 Stone Arrow              Conj/Erth      ######       0%          3    N/A
 Vampiric Draining        Necr           ########..   0%          3    N/A
 Animate Dead             Necr           N/A          0%          4    N/A
 Leda's Liquefaction      Hex/Erth       #######...   0%          4    N/A
 Petrify                  Tmut/Erth      #######.     0%          4    N/A
 Summon Lightning Spire   Summ/Air       #######.     0%          4    N/A
 Lee's Rapid Deconstruct  Erth           ########..   0%          5    N/A
 Apportation              Tloc           ####..       1%          1    N/A
 Flame Tongue             Conj/Fire      #####        1%          1    N/A
 Infusion                 Chrm           ####         1%          1    N/A
 Magic Dart               Conj           ####         1%          1    N/A
 Sting                    Conj/Pois      ####         1%          1    N/A
 Summon Butterflies       Summ           ######..     1%          1    N/A
 Summon Small Mammal      Summ           ####         1%          1    N/A
 Call Imp                 Summ           ######..     1%          2    N/A
 Ensorcelled Hibernation  Hex/Ice        ######       1%          2    N/A
 Slow                     Hex            ######..     1%          2    N/A
 Throw Flame              Conj/Fire      ######       1%          2    N/A
 Call Canine Familiar     Summ           ######..     1%          3    N/A
 Confuse                  Hex            ######..     1%          3    N/A
 Conjure Flame            Conj/Fire      ######..     1%          3    N/A
 Dazzling Spray           Conj/Hex       ######       1%          3    N/A
 Ignite Poison            Fire/Tmut/Pois ######..     1%          3    N/A
 Inner Flame              Hex/Fire       ######..     1%          3    N/A
 Mephitic Cloud           Conj/Pois/Air  ######..     1%          3    N/A
 Recall                   Summ/Tloc      N/A          1%          3    N/A
 Spectral Weapon          Hex/Chrm       ######..     1%          3    N/A
 Spider Form              Tmut/Pois      ######....   1%          3    N/A
 Summon Guardian Golem    Hex/Summ       ######..     1%          3    N/A
 Tukima's Dance           Hex            ######..     1%          3    N/A
 Cause Fear               Hex            ######....   1%          4    N/A
 Fulminant Prism          Conj/Hex       ######....   1%          4    N/A
 Ice Form                 Ice/Tmut       ######..     1%          4    N/A
 Sticky Flame             Conj/Fire      ######..     1%          4    N/A
 Agony                    Necr           ########     1%          5    N/A
 Alistair's Intoxication  Tmut/Pois      ######..     1%          5    N/A
 Blade Hands              Tmut           #######...   1%          5    N/A
 Dispel Undead            Necr           ########     1%          5    N/A
 Excruciating Wounds      Chrm/Necr      #######...   1%          5    N/A
 Irradiate                Conj/Tmut      #######...   1%          5    N/A
 Lightning Bolt           Conj/Air       #######...   1%          5    N/A
 Silence                  Hex/Air        #######...   1%          5    N/A
 Summon Demon             Summ           ######....   1%          5    N/A
 Summon Mana Viper        Hex/Summ       ######..     1%          5    N/A
 Yara's Violent Unravell  Hex/Tmut       #######...   1%          5    N/A
 Conjure Ball Lightning   Conj/Air       #######...   1%          6    N/A
 Death Channel            Necr           ########..   1%          6    N/A
 Deflect Missiles         Chrm/Air       #######...   1%          6    N/A
 Hydra Form               Tmut           #######...   1%          6    N/A
 Invisibility             Hex            ######..     1%          6    N/A
 Iron Shot                Conj/Erth      #######...   1%          6    N/A
 Statue Form              Tmut/Erth      #######..    1%          6    N/A
 Dragon Form              Tmut           #######...   1%          7    N/A
 Shroud of Golubria       Chrm/Tloc      ####..       2%          2    N/A
 Song of Slaying          Chrm           ####....     2%          2    N/A
 Summon Ice Beast         Ice/Summ       ######..     2%          4    N/A
 Freezing Cloud           Conj/Ice/Air   ######....   3%          6    N/A
 Gell's Gravitas          Tloc           ####......   4%          3    N/A
 Lesser Beckoning         Tloc           ####......   4%          3    N/A
 Teleport Other           Tloc           ####....     4%          3    N/A
 Force Lance              Conj/Tloc      #####...     4%          4    N/A
 Metabolic Englaciation   Hex/Ice        ######....   4%          5    N/A
 Shadow Creatures         Summ           N/A          4%          6    N/A
 Haunt                    Necr/Summ      ########..   4%          7    N/A
 Borgnjor's Revivificati  Necr           ########..   4%          8    N/A
 Infestation              Necr           ########..   4%          8    N/A
 Fireball                 Conj/Fire      ######....   5%          5    N/A
 Summon Forest            Summ/Tloc      ######....   5%          5    N/A
 Simulacrum               Ice/Necr       #######...   6%          6    N/A
 Passage of Golubria      Tloc           N/A          13%         4    N/A
 Venom Bolt               Conj/Pois      #####.....   16%         5    N/A
 Olgreb's Toxic Radiance  Pois           ####....     19%         4    N/A
 Monstrous Menagerie      Summ           ######....   26%         7    N/A
 Summon Greater Demon     Summ           ######....   26%         7    N/A
 Summon Hydra             Summ           ######....   26%         7    N/A
 Bolt of Fire             Conj/Fire      ######....   28%         6    N/A
 Bolt of Cold             Conj/Ice       #####.....   63%         6    N/A
 Malign Gateway           Summ/Tloc      ######....   86%         7    N/A
 Summon Horrible Things   Summ           ######....   90%         8    N/A
 Death's Door             Chrm/Necr      #######...   94%         8    N/A
 Ozocubu's Refrigeration  Ice            ####......   96%         6    N/A
 Ring of Flames           Chrm/Fire      #####.....   99%         7    N/A
 Ignition                 Fire           ######....   100%        8    N/A
 Dragon's Call            Summ           ######....   100%        9    N/A
 Blink                    Tloc           Unusable     N/A         2    N/A

Dungeon Overview and Level Annotations

Branches:
Dungeon (15/15)            Temple (1/1) D:6            Lair (6/6) D:9
 Shoals (4/4) Lair:3        Snake (4/4) Lair:2        Slime (0/5) Lair:6
    Orc (2/2) D:10            Elf (3/3) Orc:2        Vaults (5/5) D:14
  Crypt (3/3) Vaults:3       Tomb (3/3) Crypt:3      Depths (0/5) D:15
  IceCv (visited)

Altars:
Ashenzari
Cheibriados
Dithmenos
Elyvilon
Fedhas
Gozag
Hepliaklqana
Kikubaaqudgha
Makhleb
Nemelex Xobeh
Okawaru
Qazlal
Ru
Sif Muna
Trog
Uskayaw
Vehumet
Wu Jian
Xom
Yredelemnul
Zin
The Shining One
Beogh
Jiyva

Shops:
D:4 (   D:6 !   D:8 [}(   D:9 (   D:11 [   D:14 !?:!   Orc:2 =!**
Vaults:1 ?}?}(   Vaults:3 *   Vaults:4 (   Vaults:5 ?%?!?!%%?=![


Innate Abilities, Weirdness & Mutations

You cannot be hasted, slowed, berserked, paralysed or teleported.
You can dig through walls and to a lower floor.
Your four strong arms can wield two-handed weapons with a shield.
You have a pair of large antennae on your head. (SInv)
You are mostly covered in slimy green scales. (AC +3)
Your natural rate of healing is unusually fast.
You are very weak. (Str -4)


Message History

Qozonn is splashed with acid.
Qozonn is heavily wounded.
The winds around you start to calm down.
You float gracefully downwards.
You block Nicrokh's attack. Deerul hits you but does no damage.
Jeresk hits you!!! You block Gajobiass's attack.
Qozonn gestures.
Qozonn's surroundings become eerily quiet.
Zept hits you but does no damage. Wettiaf hits you!
A wind drake comes into view.
Nicrokh hits you but does no damage.
Vyhat comes into view.
Deerul hits you!! Gajobiass hits you but does no damage. Jeresk hits you!!!
You die...
Your body crumbles into a pile of gold.

▓..........#.......
▓▓..........#.......
▓§§§§§§§§...........
▓§§§§§§§§...........
▓§§§§§§§§...........
▓§§∩§§§§§...........
▓▓§&§&§§§§...........
▓§§§L&§§§§...........
▓▓&&&&§p§§.k.........
▓§§§§§§§§.&.........
▓§§§§§§§§...........
▓§§§§§§§§...........
▓§§§§§§§§...........
▓▓..........#....{..
▓..........#......&
▓▓.......#...#.....


You could see Deerul, Gajobiass, Jeresk, Nicrokh, Qozonn, Vyhat (wandering),
Wettiaf, Zept, a Killer Klown and a wind drake (wandering).

Vanquished Creatures
  3 pandemonium lords
  4 ancient liches
  5 juggernauts (Zig:22)
  Boris (Crypt:3)
  46 greater mummies
  Frederick (Vaults:4)
  Vashnia (Snake:2)
  2 shard shrikes (Zig:21)
  3 Killer Klowns
  3 caustic shrikes (Zig:25)
  5 golden dragons
  3 bone dragons
  2 profane servitors
  A Tzitzimitl (Zig:6)
  5 hellephants (Zig:25)
  A shard shrike zombie (Crypt:1)
  Jorgrun (D:15)
  14 liches
  8 tentacled monstrosities
  An Ice Fiend (Zig:21)
  5 titans (Vaults:5)
  Asterion (Snake:2)
  4 quicksilver dragons
  6 acid blobs (Zig:13)
  9 sphinxes
  Polyphemus (Shoals:3)
  3 deep elf blademasters
  Kirke (Lair:3)
  8 ancient champions
  7 tentacled starspawn
  A thorn hunter (Zig:12)
  45 nagarajas
  8 shadow dragons
  Donald (Shoals:3)
  A storm dragon (Vaults:5)
  An azure jelly (shapeshifter) (Zig:27)
  4 tengu reavers (Vaults:5)
  6 revenants
  3 draconian monks (Zig:20)
  2 azure jellies (Zig:13)
  5 fire giants
  12 deep elf sorcerers
  19 vault wardens
  4 ghost moths (Zig:18)
  6 frost giants
  8 draconian knights
  2 black suns (Zig:6)
  A corrupter (Zig:23)
  3 draconian stormcallers (Zig:20)
  Aizul (Crypt:1)
  2 emperor scorpions (Zig:18)
  2 draconian scorchers (Zig:20)
  2 juggernaut zombies
  13 orc warlords
  An angel (Zig:14)
  4 caustic shrike zombies
  2 balrugs (Zig:24)
  4 draconian annihilators
  3 ghouls (Crypt:2)
  2 reapers
  6 draconian shifters
  5 deep elf elementalists (Elf:3)
  2 curse skulls
  A stone giant (shapeshifter) (Zig:7)
  5 war gargoyles
  9 very ugly things
  A juggernaut skeleton (Zig:19)
  6 caustic shrike skeletons
  3 vampire knights
  25 ironheart preservers
  17 stone giants
  10 bennus
  9 entropy weavers
  15 deep elf annihilators
  8 deep elf demonologists
  6 green draconians (Zig:20)
  3 black draconians
  8 dire elephants (Zig:25)
  8 ettins
  2 purple draconians (Zig:20)
  A red draconian (Zig:20)
  Snorg (Lair:3)
  7 merfolk javelineers
  3 white draconians
  A spark wasp (Zig:18)
  6 green deaths
  34 mummy priests
  A death ooze (Zig:13)
  4 blizzard demons (Zig:21)
  3 quicksilver dragon zombies
  8 merfolk impalers
  8 deep elf death magi
  A crystal guardian (Vaults:1)
  2 fire dragons
  5 deep elf high priests
  17 yaktaur captains
  2 jiangshi (Crypt:3)
  Josephine (D:15)
  The ghost of pachvara the Fighter, a novice TrMo of Qazlal (D:10)
  6 rakshasas
  8 great orbs of eyes
  16 ogre magi
  A ghost crab (Zig:17)
  41 vault guards
  3 quicksilver dragon skeletons (Zig:24)
  A juggernaut simulacrum (Zig:19)
  20 naga warriors
  4 ice dragons
  Erolcha (D:9)
  2 shambling mangroves (Zig:17)
  27 hydras
  4 catoblepae
  13 centaur warriors
  11 anacondas
  5 death knights
  2 merfolk avatars
  A satyr (Shoals:4)
  42 two-headed ogres
  3 tengu warriors
  3 merfolk aquamancers
  13 death yaks
  36 death scarabs
  5 vampire magi
  6 alligators
  A deep troll shaman (Vaults:1)
  A titan zombie (Zig:21)
  6 thrashing horrors
  9 orc high priests
  The ghost of dragonscale333 the Slinger, a novice HaHu of Okawaru (D:9)
  28 deep elf knights
  20 shock serpents
  5 storm dragon zombies
  34 naga sharpshooters
  A sun demon (Zig:23)
  3 salamander mystics
  5 wretched stars
  2 spatial maelstroms (Zig:14)
  3 titan skeletons
  2 death drakes
  4 iron trolls (Zig:22)
  2 soul eaters
  2 spriggan druids
  52 skeletal warriors
  5 shadow wraiths
  18 hell knights
  A quicksilver dragon simulacrum (Zig:23)
  4 golden dragon zombies (Zig:24)
  2 unseen horrors
  17 sea snakes
  A deep troll (shapeshifter) (Vaults:5)
  4 storm dragon skeletons
  2 orange crystal statues (Zig:24)
  2 anaconda zombies
  A lindwurm (Zig:25)
  5 flayed ghosts
  3 glowing orange brains
  A kraken simulacrum (Shoals:4)
  10 deep trolls
  19 deep elf archers
  2 obsidian statues (Zig:24)
  13 phantasmal warriors
  3 tengu zombies
  A lindwurm (shapeshifter) (Vaults:5)
  10 naga ritualists
  A shadow dragon zombie (Zig:24)
  18 ironbrand convokers
  15 mana vipers
  3 tengu skeletons
  7 swamp dragons
  29 orc knights
  3 anaconda skeletons
  4 orb spiders (Zig:18)
  An orb spider (shapeshifter) (Vaults:4)
  3 frost giant zombies
  3 necromancers
  5 iron dragon zombies
  12 orc sorcerers
  23 large abominations
  8 wolf spiders
  82 deep elf magi
  24 harpies
  35 ugly things
  4 golden dragon skeletons
  A fire giant zombie (D:15)
  4 shadow dragon skeletons
  A shining eye (shapeshifter) (Vaults:1)
  An oklob plant (Lair:4)
  A manticore (shapeshifter) (Elf:3)
  13 manticores
  A salamander (shapeshifter) (Vaults:2)
  A faun (shapeshifter) (Vaults:5)
  10 fauns
  16 elephants
  A moth of wrath (shapeshifter) (Zig:23)
  3 frost giant skeletons
  15 guardian serpents
  A worldbinder (Zig:14)
  6 cyclopes
  A black mamba (shapeshifter) (Vaults:5)
  A shock serpent zombie (Snake:1)
  An ice statue (IceCv)
  2 apocalypse crabs
  13 salamanders
  A fire giant skeleton (Tomb:2)
  14 merfolk sirens
  A stone giant skeleton (Tomb:1)
  An iron dragon skeleton (Zig:19)
  67 black mambas
  3 sphinx skeletons (Zig:24)
  43 naga magi
  5 moths of wrath
  3 rust devils
  A storm dragon simulacrum (Abyss:2)
  16 spiny frogs
  8 water nymphs
  7 smoke demons
  7 torpor snails (Zig:25)
  An orange demon (Zig:23)
  24 vault sentinels
  A spiny frog (shapeshifter) (Vaults:4)
  A spriggan skeleton (Zig:21)
  6 gargoyles
  A yaktaur zombie (D:13)
  An eye of devastation (Zig:13)
  A shock serpent skeleton (Crypt:3)
  7 hellions
  A death yak zombie (Lair:2)
  28 yaktaurs
  3 kobold demonologists
  5 rime drakes
  7 komodo dragons
  5 efreet
  A redback zombie (Crypt:1)
  6 elf skeletons
  2 rime drakes (shapeshifter)
  A komodo dragon (shapeshifter) (Vaults:4)
  A black draconian skeleton (Crypt:1)
  7 elf zombies
  13 freezing wraiths
  A yaktaur (shapeshifter) (Zig:15)
  7 demonic crawlers (Zig:18)
  7 tormentors
  2 hellwings (Zig:23)
  A spectral glowing shapeshifter (Zig:6)
  A dire elephant skeleton (Crypt:3)
  2 human skeletons
  4 red devils
  47 guardian mummies
  A meliai (shapeshifter) (Zig:23)
  11 jumping spiders
  21 hornets
  2 hydra zombies (Lair:2)
  18 polar bears
  14 trolls
  2 tengu conjurers
  A tyrant leech (Zig:12)
  7 ancient zymes
  A troll (shapeshifter) (Vaults:5)
  A jumping spider (shapeshifter) (Vaults:4)
  44 merfolk
  A blink frog (shapeshifter) (D:14)
  A deep troll zombie (D:15)
  3 wind drakes
  16 blink frogs
  A merfolk (shapeshifter) (Zig:7)
  An ettin zombie (Vaults:1)
  A tengu simulacrum (Vaults:2)
  9 snapping turtles
  A hornet (shapeshifter) (Vaults:1)
  A harpy skeleton (Crypt:3)
  A raiju (shapeshifter) (Vaults:5)
  3 raiju
  11 hippogriffs
  43 slime creatures
  3 ice dragon zombies
  3 hydra skeletons
  5 bog bodies
  A meliai zombie (D:14)
  31 flying skulls
  A fire giant simulacrum (Zig:11)
  A black mamba zombie (Lair:2)
  A deep troll skeleton (Zig:3)
  3 ettin skeletons
  10 shadows
  12 water elementals
  20 spriggans
  9 tarantellas
  13 air elementals
  An ice dragon skeleton (Crypt:3)
  5 vampires
  A redback (shapeshifter) (Zig:8)
  A spriggan (shapeshifter) (Vaults:1)
  14 wraiths
  A black mamba skeleton (Tomb:3)
  3 redbacks
  5 wyverns
  4 fire elementals
  44 yaks
  16 ushabtiu
  2 ynoxinuls
  A human (D:14)
  A fire bat (Zig:24)
  6 hogs (Shoals:1)
  3 basilisks
  A golden eye (Zig:13)
  7 vampire mosquitoes
  The ghost of Mortifus the Conjurer, an amateur DrCj (D:4)
  10 chaos spawn
  2 neqoxecs
  3 hungry ghosts
  8 wargs
  54 nagas
  The ghost of diiiiiane the Sneak, an amateur OpAs (D:4)
  A two-headed ogre zombie (D:15)
  A human zombie (D:13)
  2 acid dragons
  A soldier ant (D:13)
  A floating eye (Vaults:1)
  2 swamp drakes (Zig:12)
  Duvessa (D:4)
  2 spiny frog zombies
  23 water moccasins
  3 hell hounds (Zig:24)
  4 black bears
  54 orc warriors
  7 porcupines
  4 sky beasts
  2 spiny frog skeletons (Lair:1)
  2 black bears (shapeshifter)
  8 ice beasts
  A swamp dragon zombie (Crypt:3)
  5 necrophages
  7 phantoms
  An orc zombie (D:10)
  An elephant zombie (Crypt:1)
  54 ogres
  12 boggarts
  34 wolves
  2 eyes of draining
  A boggart (shapeshifter) (Vaults:1)
  28 centaurs
  A swamp dragon skeleton (Crypt:3)
  A torpor snail zombie (Lair:6)
  A manticore skeleton (Crypt:3)
  6 naga skeletons
  2 orc skeletons
  A komodo dragon zombie (Lair:2)
  16 crocodiles
  An octopode zombie (Crypt:2)
  12 big kobolds
  A fire crab zombie (Crypt:1)
  9 bullfrogs
  A gnoll sergeant (D:8)
  Blork the orc (D:5)
  7 small abominations
  7 earth elementals
  Dowan (D:4)
  A wyvern zombie (Crypt:1)
  3 water moccasin zombies
  A cyclops skeleton (Crypt:1)
  A water moccasin skeleton (Crypt:1)
  A yak zombie (Crypt:2)
  4 scorpions
  A human simulacrum (Vaults:1)
  7 killer bees
  3 wights (Zig:24)
  A polar bear skeleton (Lair:1)
  A howler monkey (D:7)
  A wolf zombie (Lair:6)
  7 centaur zombies
  7 crimson imps
  2 bullfrog zombies
  4 electric eels
  2 hounds
  4 quasits
  33 starcursed masses
  8 jellies
  20 orc priests
  3 basilisk zombies (Lair:2)
  2 bullfrog skeletons
  A gnoll shaman (Orc:2)
  6 centaur skeletons
  4 iron imps
  An iguana (D:7)
  2 porcupine zombies
  9 worker ants
  Ijyb (D:4)
  27 orc wizards
  A hell rat (D:9)
  4 naga zombies (Snake:1)
  A sky beast zombie (D:13)
  3 crocodile zombies (Lair:2)
  A deep dwarf skeleton (Crypt:2)
  A crocodile skeleton (Lair:1)
  A dwarf skeleton (Crypt:2)
  63 mummies
  2 worker ant zombies
  18 gnolls
  12 adders
  7 white imps (Zig:21)
  7 oozes
  A worm zombie (D:13)
  A lava snake skeleton (Crypt:2)
  A worm (shapeshifter) (Vaults:5)
  2 worms
  4 dart slugs (D:1)
  9 leopard geckos
  75 orcs
  2 ball pythons (D:1)
  13 bats
  10 giant cockroaches
  11 goblins
  5 hobgoblins
  6 quokkas
  7 frilled lizards
  A frilled lizard zombie (Crypt:1)
  A giant cockroach zombie (D:9)
  A hobgoblin skeleton (D:15)
  A hobgoblin zombie (D:10)
  2 jackal skeletons
  A jackal zombie (D:6)
  11 kobolds
  A quokka skeleton (D:8)
  3 quokka zombies
  9 rats
  A rat skeleton (D:15)
  A bush (Lair:2)
  4 fungi
  30 plants
  3 starspawn tentacles
  2 withered plants (Crypt:3)
3266 creatures vanquished.

Vanquished Creatures (collateral kills)
  A yaktaur captain (Vaults:1)
1 creature vanquished.

Vanquished Creatures (others)
  A hellephant (Zig:25)
  A draconian annihilator (Zig:20)
  A merfolk aquamancer (Shoals:1)
  30 dancing weapons
  A deep elf knight (Elf:2)
  2 deep elf magi
  A demonic crawler (Zig:9)
  A fire elemental (Zig:15)
  A golden eye (Zig:23)
  A warg (Vaults:4)
  A large abomination (Zig:14)
  A mummy (Tomb:3)
  A ball lightning (Tomb:3)
  3 fungi
  8 plants
  20 starspawn tentacles
  3 tentacles (Shoals:4)
  3 withered plants
80 creatures vanquished.

Grand Total: 3347 creatures vanquished

Notes
Turn   | Place    | Note
-------+----------+-------------------------------------------
     0 | D:1      | DildoBatman the Formicid Wizard began the quest for the
                  | Orb.
     0 | D:1      | Reached XP level 1. HP: 13/13 MP: 4/4
    36 | D:1      | Reached skill level 1 in Conjurations
   252 | D:1      | Reached XP level 2. HP: 13/19 MP: 0/6
   754 | D:1      | Reached XP level 3. HP: 23/24 MP: 3/7
   759 | D:1      | Learned a level 3 spell: Conjure Flame
   763 | D:1      | Learned a level 3 spell: Mephitic Cloud
  1577 | D:2      | Found a glowing silver altar of Zin.
  1707 | D:2      | Reached XP level 4. HP: 30/30 MP: 5/8
  2372 | D:2      | Reached XP level 5. HP: 21/35 MP: 1/9
  2593 | D:2      | Reached skill level 1 in Shields
  3539 | D:4      | Found Wiarph's Weapon Emporium.
  3587 | D:4      | Noticed an ogre
  3617 | D:4      | Killed an ogre
  3617 | D:4      | Reached skill level 1 in Fire Magic
  3617 | D:4      | Reached skill level 1 in Air Magic
  3617 | D:4      | Reached XP level 6. HP: 41/41 MP: 2/10
  3649 | D:3      | Found a basalt altar of Yredelemnul.
  3724 | D:5      | Entered Level 5 of the Dungeon
  3737 | D:5      | Noticed a sky beast
  3846 | D:5      | Found a shadowy altar of Dithmenos.
  3907 | D:5      | Found an ornate altar of the Wu Jian Council.
  3986 | D:4      | Found a hazy altar of Hepliaklqana.
  3994 | D:4      | Noticed Dowan
  4006 | D:4      | Found a runed translucent gate.
  4006 | D:4      | Found a runed translucent gate.
  4007 | D:4      | Noticed Ijyb
  4106 | D:6      | Got a distressingly furry buckler
  4117 | D:6      | Identified the +3 buckler "Conirybb" {rF+ MR+ SInv} (You
                  | found it on level 6 of the Dungeon)
  4186 | D:6      | Noticed an ogre
  4217 | D:6      | Killed an ogre
  4217 | D:6      | Reached skill level 5 in Conjurations
  4217 | D:6      | Reached XP level 7. HP: 34/46 MP: 10/11
  4288 | D:6      | Noticed Blork the orc
  4511 | D:6      | Found a staircase to the Ecumenical Temple.
  4541 | Temple   | Entered the Ecumenical Temple
  4623 | Temple   | Became a worshipper of Kikubaaqudgha
  5013 | D:6      | Found Jud Biup's Distillery.
  5021 | D:6      | Bought a potion of mutation for 88 gold pieces
  5021 | D:6      | Bought a potion of heal wounds for 55 gold pieces
  5021 | D:6      | Bought a potion of might for 44 gold pieces
  5021 | D:6      | Bought a potion of lignification for 33 gold pieces
  5021 | D:6      | Gained mutation: Your magical capacity is low. (-10% MP)
                  | [potion of mutation]
  5021 | D:6      | Gained mutation: Your spells are a little harder to cast,
                  | but a little more powerful. [potion of mutation]
  5021 | D:6      | Gained mutation: You have sharp toenails. [potion of
                  | mutation]
  5066 | D:6      | Reached XP level 8. HP: 52/52 MP: 11/11
  5251 | D:6      | Found a radiant altar of Vehumet.
  5262 | D:6      | Found a burning altar of Makhleb.
  5424 | D:5      | Killed Blork the orc
  6191 | D:4      | Found a runed translucent gate.
  6200 | D:4      | Noticed Mortifus's ghost (amateur DrCj)
  6201 | D:4      | Noticed diiiiiane's ghost (amateur OpAs)
  6214 | D:4      | Killed Ijyb
  6214 | D:4      | Reached XP level 9. HP: 57/57 MP: 6/12
  6393 | D:4      | Noticed Duvessa
  6404 | D:4      | Killed Duvessa
  6404 | D:4      | Reached skill level 5 in Fire Magic
  6406 | D:4      | Killed Dowan
  6406 | D:4      | Reached skill level 5 in Air Magic
  6636 | D:3      | Reached skill level 1 in Necromancy
  6996 | D:7      | Reached * piety under Kikubaaqudgha
  6996 | D:7      | Identified Kikubaaqudgha's Papyrus of Sinister Rites
                  | (Kikubaaqudgha gifted it to you on level 7 of the Dungeon)
  6996 | D:7      | Received a gift from Kikubaaqudgha
  7010 | D:7      | Reached skill level 5 in Spellcasting
  7034 | D:7      | Learned a level 3 spell: Vampiric Draining
  7037 | D:7      | Learned a level 2 spell: Sublimation of Blood
  7309 | D:7      | Found a sparkling altar of Nemelex Xobeh.
  7775 | D:7      | Reached XP level 10. HP: 57/63 MP: 17/17
  7935 | D:8      | Found Vyqo's Antique Weapon Emporium.
  7951 | D:8      | Found Cibu's Gadget Shop.
  7988 | D:8      | Reached skill level 5 in Necromancy
  8129 | D:8      | Found Lirghij's Antique Armour Shoppe.
  8468 | D:8      | Reached ** piety under Kikubaaqudgha
  8551 | D:8      | Got an encrusted leather armour
  8562 | D:8      | Identified the +0 leather armour of Cowardice {Regen+} (You
                  | found it on level 8 of the Dungeon)
  8942 | D:9      | Noticed a death yak
  9129 | D:9      | Found a staircase to the Lair.
  9129 | D:9      | Noticed a death yak
  9143 | D:9      | Noticed a death yak
  9146 | D:9      | Killed a death yak
  9206 | D:9      | Killed a death yak
  9208 | D:9      | Killed a death yak
  9208 | D:9      | Reached XP level 11. HP: 38/68 MP: 10/19
  9401 | D:9      | Noticed a two-headed ogre
  9405 | D:9      | Reached skill level 10 in Necromancy
  9411 | D:9      | Killed a two-headed ogre
  9468 | D:9      | Reached *** piety under Kikubaaqudgha
  9468 | D:9      | Identified Kikubaaqudgha's Collected Works on Unholy Magic
                  | (Kikubaaqudgha gifted it to you on level 9 of the Dungeon)
  9468 | D:9      | Received a gift from Kikubaaqudgha
  9476 | D:9      | Learned a level 5 spell: Borgnjor's Vile Clutch
  9482 | D:9      | Learned a level 5 spell: Dispel Undead
  9488 | D:9      | Noticed Erolcha
  9597 | D:9      | Found a stormy altar of Qazlal.
  9609 | D:9      | Found a blossoming altar of Fedhas.
  9672 | D:9      | Reached skill level 1 in Earth Magic
  9781 | D:9      | Killed Erolcha
  9781 | D:9      | Reached skill level 4 in Earth Magic
  9835 | D:9      | Noticed a deep elf mage
  9835 | D:9      | Noticed a skeletal warrior
  9940 | D:9      | Found a shattered altar of Ashenzari.
  9957 | D:9      | Identified the +12 short sword of Lefaera {venom, +Blink
                  | rF+ rN+ Stlth-}
  9958 | D:9      | Noticed dragonscale333's ghost (novice HaHu)
  9960 | D:9      | Found a runed translucent gate.
  9960 | D:9      | Found a runed translucent gate.
  9960 | D:9      | Found a runed translucent gate.
 10157 | D:10     | Entered Level 10 of the Dungeon
 10158 | D:10     | Found a staircase to the Orcish Mines.
 10241 | D:10     | Reached skill level 5 in Earth Magic
 10304 | D:10     | Found an iron altar of Okawaru.
 10349 | D:10     | Found a transporter.
 10350 | D:10     | Found a transporter.
 10350 | D:10     | Noticed pachvara's ghost (novice TrMo)
 10353 | D:10     | Noticed a two-headed ogre
 10880 | D:11     | Noticed a manticore
 10881 | D:11     | Found Puaruev's Armour Shoppe.
 10890 | D:11     | Killed a manticore
 10890 | D:11     | Reached skill level 6 in Earth Magic
 11011 | D:11     | Found the +7 mace of Variability {chain chaos}
 11012 | D:11     | Found a shimmering altar of Xom.
 11035 | D:11     | Noticed a white ugly thing
 11035 | D:11     | Noticed a white ugly thing
 11107 | Orc:1    | Entered Level 1 of the Orcish Mines
 11153 | Orc:1    | Reached skill level 7 in Earth Magic
 11298 | Orc:1    | Reached skill level 8 in Earth Magic
 11314 | Orc:1    | Found a frozen archway.
 11326 | Orc:1    | Found a roughly hewn altar of Beogh.
 11337 | IceCv    | Entered an ice cave
 11371 | IceCv    | Reached skill level 1 in Fighting
 11371 | IceCv    | Reached skill level 1 in Armour
 11371 | IceCv    | Reached XP level 12. HP: 49/76 MP: 3/20
 11595 | IceCv    | Reached skill level 9 in Earth Magic
 11993 | IceCv    | Noticed a frost giant
 12082 | IceCv    | Reached **** piety under Kikubaaqudgha
 12127 | IceCv    | Killed a frost giant
 12629 | Orc:1    | Reached skill level 10 in Earth Magic
 12897 | Orc:2    | Entered Level 2 of the Orcish Mines
 12989 | Orc:2    | Reached skill level 5 in Armour
 13011 | Orc:2    | Found a staircase to the Elven Halls.
 13021 | Orc:2    | Reached skill level 5 in Fighting
 13086 | Orc:2    | Reached skill level 5 in Dodging
 13095 | Orc:1    | Reached XP level 13. HP: 37/92 MP: 10/21
 13262 | Orc:2    | Found a roughly hewn altar of Beogh.
 13730 | Orc:2    | Reached ***** piety under Kikubaaqudgha
 13945 | Orc:2    | Found Qyst's Jewellery Shoppe.
 13945 | Orc:2    | Found Yclagh's General Store.
 13961 | Orc:2    | Found Olyimig's Distillery.
 13961 | Orc:2    | Found Seref's General Store.
 14307 | D:11     | Got a steaming ring mail
 14412 | D:11     | Noticed a six-headed hydra
 14418 | D:11     | Killed a five-headed hydra
 14767 | D:12     | Identified the +3 ring mail "Qaaxua" {+Blink Str+4} (You
                  | found it on level 11 of the Dungeon)
 15393 | D:13     | Noticed an ogre mage
 15401 | D:13     | Reached XP level 14. HP: 77/106 MP: 0/23
 16083 | D:14     | Reached skill level 10 in Fighting
 16083 | D:14     | Reached skill level 10 in Armour
 16146 | D:14     | Found Fehehupnu's Distillery.
 16189 | D:14     | Found Ugereb's Food Boutique.
 16205 | D:14     | Found Fuchovvin's Magic Scroll Shop.
 16230 | D:14     | Found Fomn's Distillery.
 16265 | D:14     | Lost mutation: Your spells are a little harder to cast, but
                  | a little more powerful. [potion of mutation]
 16265 | D:14     | Lost mutation: Your magical capacity is low. (-10% MP)
                  | [potion of mutation]
 16265 | D:14     | Lost mutation: You have sharp toenails. [potion of
                  | mutation]
 16265 | D:14     | Gained mutation: You possess an exceptional clarity of
                  | mind. [potion of mutation]
 16265 | D:14     | Gained mutation: You are dopey. (Int -2) [potion of
                  | mutation]
 16265 | D:14     | Gained mutation: You are clumsy. (Dex -2) [potion of
                  | mutation]
 16265 | D:14     | Gained mutation: You are partially covered in slimy green
                  | scales. (AC +2) [potion of mutation]
 16266 | D:14     | Bought a potion of mutation for 104 gold pieces
 16266 | D:14     | Lost mutation: You are clumsy. (Dex -2) [potion of
                  | mutation]
 16266 | D:14     | Lost mutation: You are dopey. (Int -2) [potion of mutation]
 16266 | D:14     | Gained mutation: You are robust. (+10% HP) [potion of
                  | mutation]
 16266 | D:14     | Gained mutation: You are mostly covered in slimy green
                  | scales. (AC +3) [potion of mutation]
 16364 | D:14     | Reached skill level 10 in Spellcasting
 16758 | D:14     | Found a gate to the Vaults.
 16842 | D:14     | Found Quanaace's Book Shoppe.
 16872 | D:14     | Found a shattered altar of Ashenzari.
 16993 | D:15     | Entered Level 15 of the Dungeon
 17004 | D:15     | Reached XP level 15. HP: 108/126 MP: 29/30
 17081 | D:15     | Reached skill level 11 in Earth Magic
 17438 | D:15     | Reached skill level 12 in Earth Magic
 17516 | D:15     | Reached ****** piety under Kikubaaqudgha
 17522 | D:15     | Received a gift from Kikubaaqudgha
 17527 | D:14     | Fell from the grace of Kikubaaqudgha
 17760 | Temple   | Became a worshipper of Gozag Ym Sagoz the Greedy
 17909 | D:4      | Killed diiiiiane's ghost
 17910 | D:4      | Killed Mortifus's ghost
 18193 | D:9      | Killed dragonscale333's ghost
 18266 | D:9      | Identified a +2 pair of boots of running (You found it on
                  | level 9 of the Dungeon)
 18337 | D:10     | Killed pachvara's ghost
 18337 | D:10     | Reached skill level 13 in Earth Magic
 18452 | Lair:1   | Entered Level 1 of the Lair of Beasts
 18688 | Lair:1   | Got a dazzling falchion
 19264 | Lair:2   | Found a staircase to the Snake Pit.
 20050 | Lair:2   | Reached skill level 14 in Earth Magic
 20226 | Lair:2   | Noticed a reaper
 20613 | Lair:3   | Found the +7 captain's cutlass {speed, disarm}
 20717 | Lair:3   | Identified the +4 falchion of Animal Spirits {flame, Dex+4}
                  | (You found it on level 1 of the Lair of Beasts)
 20805 | Lair:3   | Found a staircase to the Shoals.
 20840 | Lair:3   | Noticed Snorg
 20849 | Lair:3   | Killed Snorg
 21770 | Lair:4   | Reached skill level 15 in Earth Magic
 23401 | Lair:6   | Entered Level 6 of the Lair of Beasts
 23410 | Lair:6   | Reached XP level 16. HP: 95/134 MP: 29/31
 23528 | Lair:6   | Reached skill level 16 in Earth Magic
 23672 | Lair:6   | Found a viscous altar of Jiyva.
 23672 | Lair:6   | Found a staircase to the Slime Pits.
 23801 | Lair:6   | Reached skill level 17 in Earth Magic
 24208 | Lair:6   | Reached skill level 18 in Earth Magic
 24271 | Lair:6   | Got a heavily runed steel ring
 24273 | Lair:6   | Identified the ring "Bedghozu" {Str+7 SInv Stlth-} (You
                  | found it on level 6 of the Lair of Beasts)
 25132 | D:15     | Noticed Josephine
 25140 | D:15     | Killed Josephine
 25163 | D:15     | Found a staircase to the Depths.
 25272 | D:15     | Noticed Jorgrun
 25519 | Snake:1  | Entered Level 1 of the Snake Pit
 25571 | Snake:1  | Reached XP level 17. HP: 57/140 MP: 4/33
 26875 | Snake:2  | Noticed Vashnia
 26892 | Snake:2  | Killed Vashnia
 26936 | Snake:2  | Was forgiven by Kikubaaqudgha
 26938 | Snake:2  | Noticed Asterion
 27188 | Snake:2  | Killed Asterion
 27328 | Snake:2  | You fall into a shaft and drop 1 floor!
 27605 | Snake:3  | Reached skill level 15 in Spellcasting
 28360 | Snake:4  | Entered Level 4 of the Snake Pit
 28449 | Snake:4  | Reached XP level 18. HP: 123/147 MP: 37/37
 29254 | Snake:4  | Reached skill level 5 in Shields
 29265 | Snake:3  | HP: 6/147 [poisoned by a nagaraja (bolt of poison)]
 29270 | Snake:3  | HP: 3/147 [poisoned by a nagaraja (bolt of poison)]
 29275 | Snake:3  | HP: 3/147 [poisoned by a nagaraja (bolt of poison)]
 29280 | Snake:3  | HP: 2/147 [poisoned by a nagaraja (bolt of poison)]
 29285 | Snake:3  | HP: 4/147 [poisoned by a nagaraja (bolt of poison)]
 29290 | Snake:3  | HP: 6/147 [poisoned by a nagaraja (bolt of poison)]
 30200 | Snake:4  | Reached skill level 10 in Shields
 30333 | Snake:4  | Got a serpentine rune of Zot
 30929 | Orc:2    | Bought the ring of Robustness {AC+8} for 1792 gold pieces
 30929 | Orc:2    | Found the ring of Robustness {AC+8}
 30929 | Orc:2    | Bought an uncursed amulet of magic regeneration for 420
                  | gold pieces
 31113 | D:14     | Bought a book of the Tempests for 1260 gold pieces
 31123 | D:14     | Learned a level 9 spell: Shatter
 31328 | Shoals:1 | Entered Level 1 of the Shoals
 31476 | Shoals:1 | Noticed Kirke
 31649 | Shoals:1 | Reached XP level 19. HP: 154/154 MP: 39/39
 31919 | Shoals:1 | Found a transporter.
 31920 | Shoals:1 | Found a transporter.
 32449 | Lair:3   | Killed Kirke
 33319 | Shoals:3 | Noticed Donald
 33768 | Shoals:3 | Killed Donald
 33800 | Shoals:3 | Noticed Polyphemus
 33853 | Shoals:3 | Killed Polyphemus
 33875 | Shoals:3 | Reached skill level 15 in Shields
 33970 | Shoals:3 | Identified the Collected Works on Aerial Ignition
 34168 | Shoals:3 | Identified the cursed +1 robe of Uskayaw's Favour {rPois
                  | Str+4}
 34453 | Shoals:4 | Entered Level 4 of the Shoals
 34518 | Shoals:4 | Got an iridescent scimitar
 34519 | Shoals:4 | Identified the +8 scimitar "Newtbane" {freeze, +Rage MR+}
                  | (You found it on level 4 of the Shoals)
 35371 | Shoals:4 | Identified the +9 flail of Darkness {elec, +Blink Stlth+}
 35539 | Shoals:4 | Reached XP level 20. HP: 155/161 MP: 31/40
 35828 | Shoals:4 | Got a barnacled rune of Zot
 36201 | Shoals:1 | Got an ancient cloak
 36448 | D:9      | Identified the cursed +0 cloak of Verapesm {rElec rCorr}
                  | (You found it on level 1 of the Shoals)
 36469 | D:9      | Bought the +8 lance "Wyrmbane" {slay drac, rPois rF+ rC+
                  | AC+3} for 2585 gold pieces
 36469 | D:9      | Found the +8 lance "Wyrmbane" {slay drac, rPois rF+ rC+
                  | AC+3}
 36576 | Orc:2    | Bought a scroll of identify for 26 gold pieces
 36576 | Orc:2    | Bought a scroll of identify for 26 gold pieces
 36594 | Orc:2    | Bought a potion of might for 48 gold pieces
 36594 | Orc:2    | Bought a potion of curing for 36 gold pieces
 36594 | Orc:2    | Bought a potion of curing for 36 gold pieces
 36594 | Orc:2    | Bought a potion of heal wounds for 60 gold pieces
 36594 | Orc:2    | Bought a potion of resistance for 120 gold pieces
 36594 | Orc:2    | Bought a potion of cancellation for 96 gold pieces
 36594 | Orc:2    | Bought 2 potions of agility for 96 gold pieces
 36594 | Orc:2    | Bought a potion of magic for 96 gold pieces
 36594 | Orc:2    | Bought a potion of heal wounds for 60 gold pieces
 36594 | Orc:2    | Bought a potion of curing for 36 gold pieces
 36595 | Orc:2    | Bought a potion of agility for 52 gold pieces
 36595 | Orc:2    | Bought a scroll of amnesia for 45 gold pieces
 36595 | Orc:2    | Bought a scroll of summoning for 123 gold pieces
 36770 | D:14     | Bought a scroll of identify for 26 gold pieces
 36770 | D:14     | Identified 2 scrolls of acquirement
 36999 | D:15     | Killed Jorgrun
 37360 | Vaults:1 | Entered Level 1 of the Vaults
 37388 | Vaults:1 | Found Otteg's Magic Scroll Emporium.
 37389 | Vaults:1 | Upgraded the game from 0.24.0-41-g2ae2f7f1be to
                  | 0.24.0-123-gd5b16e6ec5
 37394 | Vaults:1 | Bought a scroll of fog for 34 gold pieces
 37854 | Vaults:1 | Found Ciomois's Magic Scroll Boutique.
 37864 | Vaults:1 | Gained mutation: You are weak. (Str -2) [a shining eye]
 37909 | Vaults:1 | Found Tedeolel's Antique Weapon Boutique.
 38012 | Vaults:1 | Reached skill level 15 in Necromancy
 38047 | Vaults:1 | Learned a level 8 spell: Necromutation
 38076 | Vaults:1 | Reached skill level 1 in Transmutations
 38498 | Vaults:1 | Found Iggogele's Gadget Emporium.
 38501 | Vaults:1 | Bought a wand of acid (7) for 396 gold pieces
 38633 | Vaults:1 | Found Memegg's Gadget Emporium.
 38670 | Vaults:1 | Reached skill level 5 in Transmutations
 38670 | Vaults:1 | Reached XP level 21. HP: 157/168 MP: 33/41
 39018 | Vaults:1 | Identified the +9 short sword of Doom {freeze, rElec Int+4}
 40348 | Vaults:2 | Reached skill level 10 in Transmutations
 40561 | Vaults:2 | Reached XP level 22. HP: 140/174 MP: 40/42
 41070 | Vaults:2 | Got a jewelled hunting sling
 41491 | Vaults:2 | Identified the +6 hunting sling of Slow Death {freeze, rN+}
                  | (You found it on level 2 of the Vaults)
 41780 | Vaults:3 | Found a portal to a secret trove of treasure.
 42053 | Vaults:3 | You paid a toll of 2 scrolls of acquirement to enter a
                  | treasure trove
 42054 | Trove    | Entered a treasure trove
 43107 | Vaults:3 | Found Tymeg's General Store.
 43129 | Vaults:3 | Bought a scroll of enchant armour for 127 gold pieces
 43129 | Vaults:3 | Bought a scroll of enchant armour for 127 gold pieces
 43129 | Vaults:3 | Bought a scroll of identify for 34 gold pieces
 43203 | Vaults:3 | Bought a scroll of immolation for 59 gold pieces
 43274 | Vaults:3 | Found a staircase to the Crypt.
 43274 | Vaults:3 | Found a basalt altar of Yredelemnul.
 43275 | Vaults:3 | Found an ancient bone altar of Kikubaaqudgha.
 43562 | Vaults:4 | Reached XP level 23. HP: 113/181 MP: 13/43
 43845 | Vaults:4 | Noticed Frederick
 43869 | Vaults:4 | Killed Frederick
 44439 | Vaults:4 | Reached skill level 15 in Transmutations
 44663 | Vaults:4 | Found Kaanathant's Antique Weapon Emporium.
 45151 | Elf:1    | Entered Level 1 of the Elven Halls
 45508 | Elf:1    | Reached skill level 1 in Polearms
 45640 | Elf:1    | Learned a level 3 spell: Regeneration
 45818 | Elf:1    | Identified Okozyn's Guide on Conjuration and the Entourage
 45826 | Elf:1    | Learned a level 5 spell: Bolt of Magma
 46668 | Elf:2    | Found a huge runed translucent gate.
 46668 | Elf:2    | Found a huge runed translucent gate.
 46674 | Elf:2    | Found a huge runed translucent gate.
 46674 | Elf:2    | Found a huge runed translucent gate.
 46674 | Elf:2    | Found a huge runed translucent gate.
 46895 | Elf:2    | Reached skill level 5 in Polearms
 46939 | Elf:2    | Reached XP level 24. HP: 163/189 MP: 31/43
 47295 | Elf:3    | Entered Level 3 of the Elven Halls
 47772 | Elf:3    | Learned a level 5 spell: Aura of Abjuration
 48125 | Elf:3    | Cast into level 2 of the Abyss (+0 scimitar of distortion)
 48790 | Elf:3    | Escaped the Abyss
 48838 | Elf:3    | Reached skill level 5 in Summonings
 49622 | D:6      | Bought a potion of curing for 33 gold pieces
 49622 | D:6      | Bought a potion of curing for 33 gold pieces
 49622 | D:6      | Bought a potion of invisibility for 88 gold pieces
 49622 | D:6      | Bought 2 potions of mutation for 176 gold pieces
 49622 | D:6      | Bought 2 potions of brilliance for 88 gold pieces
 49622 | D:6      | Bought a potion of curing for 33 gold pieces
 49787 | D:14     | Bought a potion of ambrosia for 104 gold pieces
 49787 | D:14     | Bought a potion of curing for 39 gold pieces
 49787 | D:14     | Bought a potion of might for 52 gold pieces
 49787 | D:14     | Bought a potion of magic for 104 gold pieces
 49787 | D:14     | Bought a potion of cancellation for 104 gold pieces
 49787 | D:14     | Bought a potion of heal wounds for 65 gold pieces
 49787 | D:14     | Bought a potion of cancellation for 104 gold pieces
 49814 | D:14     | Bought a potion of mutation for 112 gold pieces
 49814 | D:14     | Bought a potion of curing for 42 gold pieces
 49814 | D:14     | Bought a potion of heal wounds for 70 gold pieces
 49814 | D:14     | Bought a potion of agility for 56 gold pieces
 49814 | D:14     | Bought a potion of heal wounds for 70 gold pieces
 49814 | D:14     | Bought a potion of heal wounds for 70 gold pieces
 49814 | D:14     | Bought a potion of curing for 42 gold pieces
 49921 | D:8      | Bought a wand of acid (11) for 450 gold pieces
 49921 | D:8      | Bought a wand of iceblast (4) for 120 gold pieces
 50092 | Vaults:1 | Bought a scroll of acquirement for 1144 gold pieces
 50092 | Vaults:1 | Bought a scroll of identify for 44 gold pieces
 50092 | Vaults:1 | Bought a scroll of amnesia for 77 gold pieces
 50092 | Vaults:1 | Bought a scroll of identify for 44 gold pieces
 50287 | Crypt:1  | Entered Level 1 of the Crypt
 50290 | Crypt:1  | Noticed Aizul
 50304 | Crypt:1  | Killed Aizul
 50568 | Crypt:1  | Reached skill level 1 in Evocations
 50588 | Crypt:1  | Reached XP level 25. HP: 194/194 MP: 29/43
 51769 | Crypt:3  | Entered Level 3 of the Crypt
 52185 | D:9      | You fall into a shaft and drop 2 floors!
 52188 | D:11     | You fall into a shaft and drop 1 floor!
 52191 | D:12     | You fall into a shaft and drop 2 floors!
 52484 | Crypt:3  | Reached skill level 10 in Polearms
 52801 | Crypt:3  | Noticed Boris
 52805 | Crypt:3  | Killed Boris
 52936 | Crypt:3  | Reached skill level 5 in Evocations
 53589 | Crypt:3  | Found a staircase to the Tomb.
 53589 | Crypt:3  | Noticed an ancient lich
 53594 | Crypt:3  | Killed an ancient lich
 53730 | Crypt:3  | Found an ancient bone altar of Kikubaaqudgha.
 54145 | Tomb:1   | Entered Level 1 of the Tomb of the Ancients
 54281 | Tomb:1   | Noticed a greater mummy
 54282 | Tomb:1   | Reached XP level 26. HP: 128/202 MP: 3/43
 54295 | Tomb:1   | Killed a greater mummy
 54754 | Tomb:1   | Noticed a greater mummy
 54769 | Tomb:1   | Killed a greater mummy
 54818 | Tomb:1   | Noticed a greater mummy
 54828 | Tomb:1   | Killed a greater mummy
 54992 | Tomb:1   | Reached skill level 10 in Summonings
 55191 | Tomb:1   | Noticed a greater mummy
 55201 | Tomb:1   | Noticed a greater mummy
 55202 | Tomb:1   | Noticed a greater mummy
 55203 | Tomb:1   | Noticed a greater mummy
 55205 | Tomb:1   | Killed a greater mummy
 55212 | Tomb:1   | Noticed a greater mummy
 55269 | Tomb:1   | Killed a greater mummy
 55269 | Tomb:1   | Reached skill level 10 in Evocations
 55275 | Tomb:1   | Killed a greater mummy
 55278 | Tomb:1   | Killed a greater mummy
 55281 | Tomb:1   | Killed a greater mummy
 55377 | Tomb:1   | Noticed a greater mummy
 55393 | Tomb:1   | Killed a greater mummy
 55507 | Tomb:1   | Noticed a greater mummy
 55527 | Tomb:1   | Killed a greater mummy
 55580 | Tomb:1   | Noticed a greater mummy
 55589 | Tomb:1   | Killed a greater mummy
 55608 | Tomb:1   | Noticed a greater mummy
 55611 | Tomb:1   | Noticed a greater mummy
 55614 | Tomb:1   | Noticed a greater mummy
 55628 | Tomb:1   | Killed a greater mummy
 55629 | Tomb:1   | Killed a greater mummy
 55636 | Tomb:1   | Killed a greater mummy
 55819 | Tomb:1   | Noticed a greater mummy
 55821 | Tomb:1   | Noticed a greater mummy
 55822 | Tomb:1   | Noticed a greater mummy
 55822 | Tomb:1   | Noticed a greater mummy
 55830 | Tomb:1   | Noticed a greater mummy
 55838 | Tomb:1   | Killed a greater mummy
 55838 | Tomb:1   | Reached XP level 27. HP: 130/209 MP: 5/43
 55841 | Tomb:1   | Killed a greater mummy
 55842 | Tomb:1   | Killed a greater mummy
 55843 | Tomb:1   | Killed a greater mummy
 55843 | Tomb:1   | Reached skill level 19 in Earth Magic
 55848 | Tomb:1   | Killed a greater mummy
 55952 | Tomb:1   | Noticed a greater mummy
 55955 | Tomb:1   | Noticed a greater mummy
 55976 | Tomb:1   | Killed a greater mummy
 55985 | Tomb:1   | Killed a greater mummy
 56029 | Tomb:1   | Noticed a greater mummy
 56035 | Tomb:1   | Killed a greater mummy
 56573 | Vaults:5 | Entered Level 5 of the Vaults
 56575 | Vaults:5 | Noticed an ancient lich
 56588 | Vaults:5 | Killed an ancient lich
 56588 | Vaults:5 | Reached skill level 20 in Earth Magic
 56588 | Vaults:5 | Found Rifoudgh's Distillery.
 56700 | Vaults:5 | Noticed an ancient lich
 56702 | Vaults:5 | Killed an ancient lich
 56702 | Vaults:5 | Reached skill level 15 in Evocations
 56745 | Vaults:5 | Reached skill level 21 in Earth Magic
 56834 | Vaults:5 | Reached skill level 22 in Earth Magic
 56908 | Vaults:5 | Reached skill level 23 in Earth Magic
 57194 | Vaults:5 | Found Pazxucuo's Food Shop.
 57195 | Vaults:5 | Bought a potion of curing for 42 gold pieces
 57195 | Vaults:5 | Bought a potion of heal wounds for 70 gold pieces
 57195 | Vaults:5 | Bought 2 potions of curing for 84 gold pieces
 57195 | Vaults:5 | Bought a potion of curing for 42 gold pieces
 57195 | Vaults:5 | Bought a potion of curing for 42 gold pieces
 57399 | Vaults:5 | Reached skill level 24 in Earth Magic
 57471 | Vaults:5 | Got a silver rune of Zot
 57813 | Vaults:5 | Found Nios's Food Emporium.
 57837 | Vaults:5 | Found Azxonk's Magic Scroll Shoppe.
 57837 | Vaults:5 | Found Wytreope's Food Boutique.
 57841 | Vaults:5 | Bought a scroll of identify for 28 gold pieces
 57841 | Vaults:5 | Bought a scroll of identify for 28 gold pieces
 57841 | Vaults:5 | Bought a scroll of identify for 28 gold pieces
 57841 | Vaults:5 | Bought a scroll of amnesia for 49 gold pieces
 57841 | Vaults:5 | Bought a scroll of amnesia for 49 gold pieces
 57841 | Vaults:5 | Bought a scroll of summoning for 133 gold pieces
 57861 | Vaults:5 | Found Xeose's Magic Scroll Emporium.
 57866 | Vaults:5 | Bought a scroll of identify for 36 gold pieces
 57866 | Vaults:5 | Bought a scroll of identify for 36 gold pieces
 57866 | Vaults:5 | Bought a scroll of enchant armour for 135 gold pieces
 57866 | Vaults:5 | Bought a scroll of enchant armour for 135 gold pieces
 57866 | Vaults:5 | Bought a scroll of fog for 36 gold pieces
 58096 | Vaults:5 | Found Qeachuh's Magic Scroll Shoppe.
 58098 | Vaults:5 | Found Devoecif's Jewellery Boutique.
 58102 | Vaults:5 | Bought a scroll of identify for 42 gold pieces
 58102 | Vaults:5 | Bought 3 scrolls of identify for 126 gold pieces
 58102 | Vaults:5 | Bought a scroll of fog for 42 gold pieces
 58130 | Vaults:5 | Found Zyqiff's Antique Armour Emporium.
 58135 | Vaults:5 | Bought a fine cloak for 351 gold pieces
 58145 | Vaults:5 | Identified the +3 cloak "Lafamueb" {MR+} (You bought it in
                  | a shop on level 5 of the Vaults)
 58148 | Vaults:5 | Found Ecaghunu's Distillery.
 58153 | Vaults:5 | Bought a potion of curing for 45 gold pieces
 58153 | Vaults:5 | Bought a potion of curing for 45 gold pieces
 58153 | Vaults:5 | Bought a potion of curing for 45 gold pieces
 58153 | Vaults:5 | Bought a potion of curing for 45 gold pieces
 58153 | Vaults:5 | Bought a potion of brilliance for 60 gold pieces
 58153 | Vaults:5 | Bought a potion of ambrosia for 120 gold pieces
 58153 | Vaults:5 | Bought a potion of ambrosia for 120 gold pieces
 58153 | Vaults:5 | Bought a potion of agility for 60 gold pieces
 58153 | Vaults:5 | Bought a potion of ambrosia for 120 gold pieces
 58153 | Vaults:5 | Bought a potion of brilliance for 60 gold pieces
 58322 | Vaults:5 | Found Japufaas's Distillery.
 58322 | Vaults:5 | Found Roesa's Magic Scroll Shoppe.
 58326 | Vaults:5 | Bought a potion of mutation for 144 gold pieces
 58326 | Vaults:5 | Bought 2 potions of curing for 108 gold pieces
 58326 | Vaults:5 | Bought 2 potions of curing for 108 gold pieces
 58326 | Vaults:5 | Bought a potion of mutation for 144 gold pieces
 58326 | Vaults:5 | Bought 2 potions of curing for 108 gold pieces
 58333 | Vaults:5 | Bought a scroll of identify for 30 gold pieces
 58333 | Vaults:5 | Bought a scroll of identify for 30 gold pieces
 58333 | Vaults:5 | Bought a scroll of identify for 30 gold pieces
 58333 | Vaults:5 | Bought a scroll of immolation for 52 gold pieces
 58333 | Vaults:5 | Bought a scroll of enchant armour for 112 gold pieces
 58879 | Tomb:1   | Learned a level 9 spell: Tornado
 58928 | Tomb:2   | Noticed a greater mummy
 58933 | Tomb:2   | Noticed a greater mummy
 58945 | Tomb:2   | Noticed a greater mummy
 59038 | Tomb:2   | Killed a greater mummy
 59038 | Tomb:2   | Noticed a greater mummy
 59047 | Tomb:2   | Reached skill level 25 in Earth Magic
 59214 | Tomb:2   | Killed a greater mummy
 59226 | Tomb:2   | Killed a greater mummy
 59230 | Tomb:2   | Killed a greater mummy
 59230 | Tomb:2   | Reached skill level 26 in Earth Magic
 59742 | Tomb:3   | Entered Level 3 of the Tomb of the Ancients
 59859 | Tomb:3   | Noticed a greater mummy
 59859 | Tomb:3   | Noticed a greater mummy
 59873 | Tomb:3   | Noticed a greater mummy
 59891 | Tomb:3   | Killed a greater mummy
 59934 | Tomb:3   | Killed a greater mummy
 59940 | Tomb:3   | Noticed a greater mummy
 59962 | Tomb:3   | Killed a greater mummy
 59980 | Tomb:3   | Noticed a greater mummy
 59986 | Tomb:3   | Noticed a greater mummy
 60000 | Tomb:3   | Killed a greater mummy
 60010 | Tomb:3   | Reached skill level 27 in Earth Magic
 60013 | Tomb:3   | Killed a greater mummy
 60024 | Tomb:3   | Noticed a greater mummy
 60028 | Tomb:3   | Noticed a greater mummy
 60042 | Tomb:3   | Killed a greater mummy
 60048 | Tomb:3   | Killed a greater mummy
 60063 | Tomb:3   | Killed a greater mummy
 60288 | Tomb:3   | Found the +8 storm bow {elec, penet}
 60321 | Tomb:3   | Got a brightly glowing amber ring
 60322 | Tomb:3   | Identified Batwal Kihib's Almanac of the Dusty Escort
 60343 | Tomb:3   | Got a sparkling jade ring
 60377 | Tomb:3   | Identified Qaerphehe's Collected Works on Hexes
 60379 | Tomb:3   | Identified the Compendium of the Rocks
 60568 | Tomb:3   | Identified the Tome of Fiery Venom
 60689 | Tomb:3   | Got a golden rune of Zot
 60835 | Tomb:3   | Identified the ring "Golouryl" {+Fly Dex+5} (You found it
                  | on level 3 of the Tomb of the Ancients)
 60839 | Tomb:3   | Identified the ring of Pauvve {+Fly MR- Int+3 SInv} (You
                  | found it on level 3 of the Tomb of the Ancients)
 60854 | Tomb:3   | Learned a level 6 spell: Darkness
 60856 | Tomb:3   | Got a scorched shield
 60867 | Tomb:3   | Identified the +3 shield "Rodamuh" {Dex+7} (You acquired it
                  | on level 3 of the Tomb of the Ancients)
 60886 | Zig:1    | Entered Level 1 of a ziggurat
 60886 | Zig:1    | Noticed Giereud the pandemonium lord
 60900 | Zig:1    | Killed Giereud the pandemonium lord
 60997 | Zig:2    | Entered Level 2 of a ziggurat
 61020 | Zig:3    | Entered Level 3 of a ziggurat
 61062 | Zig:4    | Entered Level 4 of a ziggurat
 61087 | Zig:5    | Entered Level 5 of a ziggurat
 61147 | Zig:6    | Entered Level 6 of a ziggurat
 61159 | Zig:6    | Reached skill level 5 in Hexes
 61212 | Zig:7    | Entered Level 7 of a ziggurat
 61216 | Zig:7    | Noticed a Killer Klown
 61217 | Zig:7    | Noticed Remybryi the pandemonium lord
 61218 | Zig:7    | Noticed a Killer Klown
 61225 | Zig:7    | Killed a Killer Klown
 61227 | Zig:7    | Killed Remybryi the pandemonium lord
 61228 | Zig:7    | Killed a Killer Klown
 61281 | Zig:8    | Entered Level 8 of a ziggurat
 61384 | Zig:9    | Entered Level 9 of a ziggurat
 61531 | Zig:10   | Entered Level 10 of a ziggurat
 61542 | Zig:10   | Reached skill level 10 in Dodging
 61584 | Zig:10   | Identified the Compendium of Stolen Souls and Stones
 61639 | Zig:10   | Reached skill level 10 in Hexes
 61644 | Zig:11   | Entered Level 11 of a ziggurat
 61653 | Zig:11   | Noticed a greater mummy
 61658 | Zig:11   | Noticed a greater mummy
 61659 | Zig:11   | Noticed a greater mummy
 61662 | Zig:11   | Noticed a greater mummy
 61664 | Zig:11   | Noticed a greater mummy
 61671 | Zig:11   | Killed a greater mummy
 61673 | Zig:11   | Killed a greater mummy
 61676 | Zig:11   | Killed a greater mummy
 61679 | Zig:11   | Killed a greater mummy
 61679 | Zig:11   | Killed a greater mummy
 61716 | Zig:11   | Got a warped lapis lazuli ring
 61733 | Zig:11   | Identified the ring "Zihayd" {rPois Stlth+} (You found it
                  | on level 11 of a ziggurat)
 61780 | Zig:12   | Entered Level 12 of a ziggurat
 61867 | Zig:12   | Got a steaming copper ring
 61871 | Zig:12   | Identified the Catalogue of Dusty Transmutation
 61921 | Zig:13   | Entered Level 13 of a ziggurat
 61964 | Zig:13   | Reached skill level 10 in Air Magic
 62037 | Zig:13   | Got a heavily runed brass ring
 62087 | Zig:14   | Entered Level 14 of a ziggurat
 62366 | Zig:14   | Identified the ring of Eryahyl {rPois Int+4 Stlth+} (You
                  | found it on level 12 of a ziggurat)
 62368 | Zig:14   | Identified the ring of Saotihef {rN+ Str+7 Int+3} (You
                  | found it on level 13 of a ziggurat)
 62380 | Zig:15   | Entered Level 15 of a ziggurat
 62498 | Zig:15   | Identified Sif Muna's Incunabulum of the Arsonist and
                  | Protection
 62574 | Zig:16   | Entered Level 16 of a ziggurat
 62605 | Zig:16   | Found the +0 pair of fencer's gloves {Riposte Dex+3}
 62688 | Zig:16   | Identified the Volume of Aid and Unholy Arts
 62702 | Zig:16   | Identified the Almanac of the Birds
 62704 | Zig:16   | Identified the Collected Works on Dislocated Air
 62709 | Zig:16   | Got a bound steel ring
 62711 | Zig:16   | Got a steaming iron ring
 62777 | Zig:17   | Entered Level 17 of a ziggurat
 62779 | Zig:17   | Identified the ring of Akodaugg {+Blink rN+ Dex+3} (You
                  | found it on level 16 of a ziggurat)
 62781 | Zig:17   | Identified the ring of the Exiled Tables {+Fly rPois
                  | Slay+6} (You found it on level 16 of a ziggurat)
 62802 | Zig:17   | Reached skill level 15 in Air Magic
 62922 | Zig:17   | Got a heavily runed bronze ring
 63007 | Zig:18   | Entered Level 18 of a ziggurat
 63147 | Zig:18   | Identified the Collected Works on the Flying Mountains
 63150 | Zig:18   | Got a pitted wooden ring
 63154 | Zig:18   | Got a shimmering lead amulet
 63226 | Zig:19   | Entered Level 19 of a ziggurat
 63236 | Zig:19   | Noticed a greater mummy
 63237 | Zig:19   | Noticed a greater mummy
 63244 | Zig:19   | Noticed a greater mummy
 63246 | Zig:19   | Noticed a greater mummy
 63246 | Zig:19   | Noticed a greater mummy
 63247 | Zig:19   | Killed a greater mummy
 63247 | Zig:19   | Killed a greater mummy
 63247 | Zig:19   | Noticed a greater mummy
 63248 | Zig:19   | Killed a greater mummy
 63249 | Zig:19   | Noticed a greater mummy
 63255 | Zig:19   | Found the +8 demon blade "Bloodbane" {slice, *Rage +Rage
                  | Stlth-}
 63267 | Zig:19   | Killed a greater mummy
 63272 | Zig:19   | Killed a greater mummy
 63275 | Zig:19   | Killed a greater mummy
 63277 | Zig:19   | Killed a greater mummy
 63346 | Zig:19   | Found the +8 whip "Snakebite" {curare, rPois}
 63365 | Zig:19   | Identified Nein's Catalogue of the Ashen Blaze
 63376 | Zig:19   | Identified the ring "Yplucrus" {+Fly MR- Int-2 Dex+8
                  | Stlth+} (You found it on level 17 of a ziggurat)
 63378 | Zig:19   | Identified the ring "Itaf" {*Tele *Slow +Blink MP+9} (You
                  | found it on level 18 of a ziggurat)
 63380 | Zig:19   | Identified the amulet "Zuzamischaj" {Spirit Int+6} (You
                  | found it on level 18 of a ziggurat)
 63385 | Zig:19   | Got a clouded copper ring
 63455 | Zig:19   | Identified the ring of Avaavuh {Wiz +Blink} (You found it
                  | on level 19 of a ziggurat)
 63476 | Zig:20   | Entered Level 20 of a ziggurat
 63608 | Zig:20   | Found the ring of Shadows {Umbra +Inv Stlth+}
 63608 | Zig:20   | Found the +2 hat of the Bear Spirit {Spirit, +Rage rN+
                  | MR++}
 63723 | Zig:21   | Entered Level 21 of a ziggurat
 63736 | Zig:21   | Noticed a shard shrike
 63739 | Zig:21   | Noticed a shard shrike
 63745 | Zig:21   | Killed a shard shrike
 63746 | Zig:21   | Killed a shard shrike
 63839 | Zig:21   | Found the amulet of the Four Winds {rN+ MR+++ Clar}
 63897 | Zig:21   | Found the +11 plutonium sword {*Contam Stlth-}
 63913 | Zig:21   | Got a fine iron ring
 63922 | Zig:21   | Identified the ring of Boffioc {+Fly MP+9 EV+2 Int-3 Dex-3}
                  | (You found it on level 21 of a ziggurat)
 64025 | Zig:22   | Entered Level 22 of a ziggurat
 64038 | Zig:22   | Noticed a juggernaut
 64040 | Zig:22   | Noticed a juggernaut
 64040 | Zig:22   | Noticed a juggernaut
 64041 | Zig:22   | Noticed a juggernaut
 64043 | Zig:22   | Noticed a juggernaut
 64046 | Zig:22   | Killed a juggernaut
 64047 | Zig:22   | Killed a juggernaut
 64047 | Zig:22   | Killed a juggernaut
 64047 | Zig:22   | Killed a juggernaut
 64048 | Zig:22   | Killed a juggernaut
 64182 | Zig:22   | Got a sparkling amber ring
 64183 | Zig:22   | Identified A Primer on Spellcasting
 64197 | Zig:22   | Got a faintly glowing brass ring
 64289 | Zig:22   | Identified the ring of Surprise {*Slow rF++ EV+3 SInv
                  | Stlth+} (You found it on level 22 of a ziggurat)
 64293 | Zig:22   | Identified the ring "Vurir" {*Slow rC+ rN+++ Int+5} (You
                  | found it on level 22 of a ziggurat)
 64300 | Zig:23   | Entered Level 23 of a ziggurat
 64325 | Zig:23   | Noticed an ancient lich
 64346 | Zig:23   | Killed an ancient lich
 64642 | Zig:24   | Entered Level 24 of a ziggurat
 64717 | Zig:24   | Found the -2 hat of the Alchemist {rElec rPois rF+ rC+ rN+
                  | MR+ rMut rCorr}
 64866 | Zig:24   | Identified Vehumet's Catalogue of Battle Magic
 64873 | Zig:24   | Got a vibrating steel amulet
 64956 | Zig:24   | Identified the amulet of Qenoaff {-Tele +Rage rElec Str+2}
                  | (You found it on level 24 of a ziggurat)
 64964 | Zig:25   | Entered Level 25 of a ziggurat
 65103 | Zig:25   | Gained mutation: Your magical capacity is low. (-10% MP)
                  | [mutagenic glow]
 65226 | Zig:25   | Got a twitching copper amulet
 65236 | Zig:25   | Identified the amulet "Ututoul" {Acrobat *Contam +Blink
                  | rC+++ Str-2 Slay+5} (You found it on level 25 of a
                  | ziggurat)
 65239 | Zig:25   | Got a fine copper ring
 65240 | Zig:25   | Identified the ring of Ceona {*Tele rElec} (You found it on
                  | level 25 of a ziggurat)
 65245 | Zig:25   | Got a bound turquoise ring
 65246 | Zig:25   | Identified the ring "Ruosufok" {*Tele rPois Str+4 Int+5}
                  | (You found it on level 25 of a ziggurat)
 65269 | Zig:25   | Lost mutation: You possess an exceptional clarity of mind.
                  | [potion of mutation]
 65269 | Zig:25   | Lost mutation: Your magical capacity is low. (-10% MP)
                  | [potion of mutation]
 65269 | Zig:25   | Lost mutation: You are robust. (+10% HP) [potion of
                  | mutation]
 65269 | Zig:25   | Gained mutation: You are very weak. (Str -4) [potion of
                  | mutation]
 65269 | Zig:25   | Gained mutation: Your natural rate of healing is unusually
                  | fast. [potion of mutation]
 65283 | Zig:26   | Entered Level 26 of a ziggurat
 65367 | Zig:26   | Found the +2 robe of Vines {NoPotionHeal Regen+7}
 65673 | Zig:27   | Entered Level 27 of a ziggurat
 65684 | Zig:27   | Noticed Polus the pandemonium lord
 65695 | Zig:27   | Noticed a Killer Klown
 65716 | Zig:27   | Killed Polus the pandemonium lord
 65723 | Zig:27   | Killed a Killer Klown
 65732 | Zig:27   | Noticed Wettiaf the pandemonium lord
 65738 | Zig:27   | Noticed Gajobiass the pandemonium lord
 65739 | Zig:27   | Noticed Nicrokh the pandemonium lord
 65740 | Zig:27   | Noticed Qozonn the pandemonium lord
 65740 | Zig:27   | Noticed Jeresk the pandemonium lord
 65740 | Zig:27   | Noticed Deerul the pandemonium lord
 65741 | Zig:27   | Noticed a Killer Klown
 65742 | Zig:27   | Noticed Zept the pandemonium lord
 65748 | Zig:27   | Noticed Vyhat the pandemonium lord
 65748 | Zig:27   | Mangled by Jeresk the pandemonium lord

Levels and vault maps discovered:
D:1:      wander_arrival_chamber, layout_basic
D:2:      layout_loops_ring, zin_scriptorium, minmay_goblin_outpost
D:3:      lemuel_upstairs_altar, layout_basic, minmay_misc_feat_four_crosses
D:4:      layout_loops_ring, kennysheep_mini_moat, gammafunk_ghost_cemetery,
          serial_shops, kennysheep_mini, uniq_duvessa, uniq_ijyb
D:5:      layout_loops_ring, marbit_many_paths, overflow_temple_1_default,
          first_ration
D:6:      kennysheep_six_static_rooms, layout_basic,
          grunt_temple_overflow_lords_of_destruction, temple_pool_b,
          serial_shops, nicolae_shop_crystal, st_stairs_5, uniq_blork_the_orc
D:7:      layout_gridville, nemelex_xobeh_ov_fountains_minmay
D:8:      layout_loops_ring, serial_shops, nicolae_shop_stone,
          kennysheep_little_box, nicolae_shop_stone,
          hangedman_little_slice_of_home, nrook_loot_triangle, minmay_holes,
          kennysheep_generic_room_8
D:9:      layout_irregular_city, grunt_temple_overflow_forces_of_nature,
          overflow_temple_1_default, dpeg_lair_monsters,
          gammafunk_ghost_nasty_kobolds, lightli_corner_chamber, uniq_erolcha
D:10:     layout_basic, orc_0_dummy, gammafunk_ghost_smash,
          okawaru_metal_pillars_1_2
D:11:     layout_basic, serial_shops, nicolae_shop_window_shopping,
          minmay_guarded_unrand_variability
D:12:     layout_irregular_city
D:13:     layout_rooms
D:14:     layout_loops_ring, grunt_vaults_entry_fortified, basic_altar,
          chequers_serial_rivers_micro_d, serial_shops, shop, shop, shop, shop,
          nicolae_shop_behind_doors
D:15:     gammafunk_depths_entry_grave, layout_grid_maze, chequers_jeans,
          uniq_josephine, uniq_jorgrun
Temple:   minmay_temple_bridge_abc
Lair:1:   layout_regular_city
Lair:2:   wad_woods_04, layout_cave_pods, dummy_snake_entry
Lair:3:   layout_regular_city, minmay_shoals_entry_beasts, serial_bayou_pond_c,
          uniq_snorg
Lair:4:   layout_cave_pods, grunt_megastairs_1, lemuel_fruit_fields
Lair:5:   layout_layer_cave, grunt_megastairs_3, lemuel_fruit_tree,
          infiniplex_staircase_pool, serial_bayou_shore_b, serial_bayou_shore_b
Lair:6:   minmay_lair_end_enchanted_forest, layout_big_grid, slime_altar_1
Shoals:1: gammafunk_the_bubble [the_bubble_gammafunk_plus_minus], layout_shoals,
          uniq_kirke
Shoals:2: layout_shoals
Shoals:3: layout_shoals, nicolae_shoals_loop_pool, uniq_polyphemus, uniq_donald
Shoals:4: shoals_end_grunt_ice, layout_shoals
Snake:1:  layout_layer_cave
Snake:2:  layout_misc_corridors, serial_bayou_pond_e, uniq_vashnia,
          uniq_asterion
Snake:3:  layout_onion, hangedman_snake_corridor_cut
Snake:4:  snake_pit, layout_chambers
Orc:1:    layout_caves, basic_altar, portal_ice_cave_rime
Orc:2:    grunt_orc_tribal_feast, layout_diamond_mine, special_room, basic_altar
Elf:1:    layout_onion_city, minmay_elf_sorcery
Elf:2:    layout_geoelf_diagonals
Elf:3:    minmay_elf_hall_quartered_circle, layout_geoelf_castle
Vaults:1: st_greater_box_4, vaults_mumra_minichess, v_misc_10, v_rooms_4,
          nicolae_vaults_little_squares_4, v_rooms_1, vaults_room_corners,
          vaults_dpeg_ring, layout_vaults_chaotic_city, serial_shops,
          nicolae_shop_crystal, shop, shop, shop, shop_scrolls
Vaults:2: v_rooms_6, ontoclasm_vaults_hangar, vaults_standard_mumra_lines,
          vaults_room_hangedman_quadrants, nicolae_vaults_angled_halls,
          vaults_room_large_hall, nicolae_vaults_windows_and_doors_thing,
          v_misc_23, ontoclasm_vaults_idyll,
          vaults_standard_mumra_enter_the_diamond, ontoclasm_vaults_twist,
          dpeg_vaults_monster_box, layout_vaults_omnibox
Vaults:3: minmay_crypt_entry_necro_gods, v_rooms_4,
          nicolae_vaults_diagonal_hallway_8, grunt_vaults_bifocal, v_pattern_4,
          hangedman_vaults_river_flow, vaults_mumra_hex,
          nicolae_vaults_network_quinsquares
          [nicolae_vaults_network_quincunx_subvault,
          nicolae_vaults_network_quincunx_subvault,
          nicolae_vaults_network_quincunx_subvault,
          nicolae_vaults_network_quincunx_subvault], hangedman_vaults_nodes,
          hangedman_vaults_stretched_pinwheel, vaults_room_semicircle,
          layout_vaults_omnicross, enter_trove_3, serial_shops, shop
Vaults:4: hangedman_vaults_pinch, grunt_vaults_diagonal, st_diamondy,
          vaults_dpeg_diagonal, nicolae_vaults_disjoint_gnomons, v_misc_11,
          nicolae_vaults_little_ls, nicolae_vaults_alarming, v_pattern_5,
          ontoclasm_vaults_decontamination, vaults_room_mumra_shop_pool,
          layout_vaults_ring, uniq_frederick
Vaults:5
Crypt:1:  layout_basic, uniq_aizul
Crypt:2:  layout_misc_corridors
Crypt:3:  quadcrypt_mu, uniq_boris
Tomb:1
Tomb:2
Tomb:3
Zig:27

Skill      XL: |  1  2  3  4  5  6  7  8  9 10 11 12 13 14 15 16 17 18 19 20 21 22 23 24 25 26 27 |
---------------+----------------------------------------------------------------------------------+-----
Conjurations   | 1 2 3 4 5 6 |  6.0
Shields        | 2 11 15 | 15.0
Fire Magic     | 1 2 4 5 |  5.2
Air Magic      | 1 2 4 5 25 | 25.5
Necromancy     | 4 9 10 12 15 17 18 19 | 19.0
Spellcasting   | 6 7 11 12 15 16 20 | 20.8
Earth Magic    | 8 10 15 18 27 | 27.0
Dodging        | 2 5 7 8 14 | 14.4
Fighting       | 1 5 8 10 | 10.0
Armour         | 1 5 8 10 11 | 11.5
Transmutations | 5 10 13 16 17 18 19 | 19.0
Polearms       | 5 9 11 12 | 12.0
Summonings     | 6 9 10 | 10.0
Evocations     | 1 7 12 15 | 15.1
Hexes          | 12 | 12.0
Stealth        | |  2.4
Translocations | |  0.8

Action                   |  1- 3 |  4- 6 |  7- 9 | 10-12 | 13-15 | 16-18 | 19-21 | 22-24 | 25-27 || total
-------------------------+-------+-------+-------+-------+-------+-------+-------+-------+-------++-------
Melee: Club              |     9 |     5 |       |       |       |       |       |       |       ||    14
       Dagger            |     1 |       |    42 |   116 |   145 |       |       |       |       ||   304
       Halberd           |       |    21 |     4 |       |       |       |       |       |       ||    25
       Flail             |       |     9 |       |       |       |       |       |       |       ||     9
       Hand axe          |       |    11 |    18 |       |       |       |       |       |       ||    29
       Kick              |       |       |    13 |    24 |    19 |       |       |       |       ||    56
       Short sword       |       |       |    15 |     2 |   351 |   317 |   162 |       |       ||   847
       Great mace        |       |       |       |     3 |       |       |       |       |       ||     3
       Glaive            |       |       |       |       |     7 |       |       |       |       ||     7
       Cutlass           |       |       |       |       |    16 |       |    16 |       |       ||    32
       Lance             |       |       |       |       |       |       |   446 |  1053 |  1665 ||  3164
       Scimitar          |       |       |       |       |       |       |     6 |       |       ||     6
       Staff             |       |       |       |       |       |       |       |     1 |     2 ||     3
 Fire: Hunting sling     |       |    82 |   205 |   110 |       |       |       |       |       ||   397
       Shortbow          |       |       |       |   265 |   384 |   464 |   200 |       |       ||  1313
Throw: Stone             |       |     9 |       |       |       |       |       |       |       ||     9
 Cast: Magic Dart        |    80 |    79 |   101 |    48 |    14 |       |     1 |       |       ||   323
       Conjure Flame     |     1 |     7 |    32 |    60 |    57 |    65 |    65 |    42 |     5 ||   334
       Mephitic Cloud    |       |     7 |    23 |    42 |    25 |    29 |    10 |     1 |       ||   137
       Vampiric Draining |       |       |     2 |    10 |     3 |     4 |     5 |     2 |       ||    26
       Borgnjor's Vile C |       |       |       |    36 |   152 |   234 |   350 |   314 |   279 ||  1365
       Dispel Undead     |       |       |       |     2 |    25 |    11 |     4 |    19 |    62 ||   123
       Sublimation of Bl |       |       |       |     2 |    11 |    11 |     4 |     5 |       ||    33
       Necromutation     |       |       |       |       |       |       |       |    34 |   107 ||   141
       Regeneration      |       |       |       |       |       |       |       |     1 |    30 ||    31
       Aura of Abjuratio |       |       |       |       |       |       |       |       |    23 ||    23
       Shatter           |       |       |       |       |       |       |       |       |   148 ||   148
       Tornado           |       |       |       |       |       |       |       |       |    13 ||    13
Invok: Receive Necronomi |       |       |       |       |     1 |       |       |       |       ||     1
       Renounce Religion |       |       |       |       |     1 |       |       |       |       ||     1
       Call Merchant     |       |       |       |       |       |       |     1 |       |       ||     1
       Potion Petition   |       |       |       |       |       |       |       |       |     7 ||     7
 Abil: Dig               |     1 |     7 |     8 |    19 |    26 |    31 |     6 |     5 |     2 ||   105
       End Transformatio |       |       |       |       |       |       |       |       |    19 ||    19
       Shaft Self        |       |       |       |       |       |       |       |       |     3 ||     3
Evoke: Wand              |       |       |       |     1 |     1 |     4 |       |     1 |     5 ||    12
       Phial of floods   |       |       |       |       |       |       |     1 |     1 |       ||     2
       Staff of energy   |       |       |       |       |       |       |       |     6 |   452 ||   458
       Lamp of fire      |       |       |       |       |       |       |       |     1 |     2 ||     3
       Lightning rod     |       |       |       |       |       |       |       |       |     2 ||     2
       Fan of gales      |       |       |       |       |       |       |       |       |     1 ||     1
       Figurine of a zig |       |       |       |       |       |       |       |       |     1 ||     1
  Use: Scroll            |       |     3 |       |     8 |     8 |     3 |    15 |    11 |    38 ||    86
       Potion            |       |       |     1 |     1 |     3 |     6 |     6 |       |    23 ||    40
 Stab: Confused          |       |       |     4 |     1 |     3 |    10 |     3 |       |       ||    21
       Sleeping          |       |       |       |       |     1 |       |     1 |     3 |     1 ||     6
       Distracted        |       |       |       |       |     1 |     2 |     2 |     3 |    10 ||    18
       Petrified         |       |       |       |       |       |       |       |     3 |       ||     3
       Invisible         |       |       |       |       |       |       |       |       |     3 ||     3
  Eat: Chunk             |     2 |    11 |    13 |    24 |    43 |       |       |       |       ||    93
       Ration            |       |       |     1 |     1 |     9 |    12 |     9 |     6 |     7 ||    45
Armor: Robe              |     5 |    10 |     7 |     6 |       |       |       |       |       ||    28
       Leather armour    |       |       |       |    46 |     8 |       |       |       |       ||    54
       Troll leather arm |       |       |       |       |   194 |   286 |   203 |   271 |   557 ||  1511
Dodge: Dodged            |    16 |    52 |    41 |   108 |   376 |   388 |   297 |   315 |   547 ||  2140
Block: Buckler           |       |     6 |    34 |    79 |   156 |   135 |       |       |       ||   410
       Large shield      |       |       |       |       |       |    45 |   610 |   727 |  1368 ||  2750
       Rpst.: Scimitar   |       |       |       |       |       |       |     2 |       |       ||     2
